 Dungeon Crawl Stone Soup version 0.26.0-57-g60708a5e39 (webtiles) character file.

Game seed: 8682650624046226178

455 kaeus the Changer (level 7, -4/45 HPs)
             Began as an Octopode Transmuter on Feb 1, 2021.
             Slain by a gnoll
             ... wielding a +0 spear
              (10 damage)
             ... on level 4 of the Dungeon.
             The game lasted 00:05:09 (4501 turns).

kaeus the Changer (Octopode Transmuter)             Turns: 4501, Time: 00:05:10

Health: -4/45      AC:  2    Str: 10    XL:     7   Next: 5%
Magic:  12/13      EV: 20    Int: 15    God:
Gold:   175        SH:  5    Dex: 19    Spells: 10/14 levels left

rFire    . . .     SeeInvis .     - Unarmed
rCold    . . .     Faith    .   (shield currently unavailable)
rNeg     + . .     Spirit   .   (helmet currently unavailable)
rPois    x         Reflect  +   m - amulet of reflection
rElec    .         Harm     .   c - ring of teleportation (curse)
rCorr    .         Rampage  .   d - ring of positive energy
Will     .....     Rnd*Tele +   (no ring)
Stlth    ++........             (no ring)
HPRegen  0.15/turn              (no ring)
MPRegen  0.13/turn              (no ring)
                                (no ring)
                                (no ring)

@: brilliant, spider-form
A: tiny, almost no armour, stealthy swim, (amphibious), 8 rings, (constrict 8),
MP-powered wands
a: End Transformation


You were on level 4 of the Dungeon.
You were a venomous arachnid creature.
You visited 1 branch of the dungeon, and saw 4 of its levels.
You also visited: Sewer.

You collected 175 gold pieces.

Inventory:

Jewellery
 c - a cursed ring of teleportation (left front leg)
 d - a ring of positive energy (right front leg)
 m - an amulet of reflection (around neck)
Scrolls
 b - 2 scrolls of fog {unknown}
 e - 3 scrolls of enchant armour
 g - a scroll of magic mapping
 o - 6 scrolls of teleportation
 p - 2 scrolls of fear
 q - a scroll of immolation {unknown}
 s - a scroll of enchant weapon {unknown}
Potions
 a - a potion of haste {unknown}
 f - 5 potions of flight {unknown}
 h - a potion of resistance {unknown}
 i - a potion of might {unknown}
 k - 3 potions of berserk rage
 l - 4 potions of curing
 n - 3 potions of magic


   Skills:
 - Level 2.2 Fighting
 - Level 2.0 Dodging
 - Level 3.6 Unarmed Combat
 + Level 4.3 Spellcasting
 + Level 4.7 Transmutations
 - Level 2.0 Poison Magic


You had 10 spell levels left.
You knew the following spells:

 Your Spells              Type           Power        Failure   Level
a - Spider Form           Tmut/Pois      9%           30%         3
A - Beastly Appendage     Tmut           52%          10%         1

Your spell library contained the following spells:

 Spells                   Type           Power        Failure   Level
 Wereblood                Tmut           26%          12%         2
 Ice Form                 Ice/Tmut       15%          75%         4
 Blade Hands              Tmut           13%          77%         5


Dungeon Overview and Level Annotations

Branches:
Dungeon (4/15)              Sewer (visited)
 Temple: D:4-7

Altars:
Dithmenos
Wu Jian
Xom
Yredelemnul
The Shining One


Innate Abilities, Weirdness & Mutations

You cannot wear most types of armour.
You are very stealthy in the water. (Stealth+)
((You are amphibious.))
You can wear up to eight rings at the same time.
((You can use your tentacles to constrict eight enemies at once.))
((Your skin changes colour to match your surroundings (Stealth+).))
((Your rubbery body absorbs attacks. (AC +1, EV +1)))
((Your flesh is heat resistant. (rF+)))
You expend magic power (3 MP) to strengthen your wands.


Message History

You hit the orc wizard but do no damage.
The orc wizard is moderately wounded.
The orc misses you.
The gnoll hits you from afar with a +0 spear.
You block the orc wizard's attack.
You take 5 damage, and have 14/45 hp.
You hit the gnoll but do no damage.
The gnoll hits you from afar with a +0 spear.
* * * LOW HITPOINT WARNING * * *
The gnoll misses you. The orc misses you.
The gnoll hits you but does no damage.
You take 3 damage, and have 11/45 hp.
You hit the orc wizard but do no damage.
The orc wizard is poisoned.
The orc wizard is moderately wounded.
The orc wizard closely misses you. You block the gnoll's attack.
The orc hits you.
* * * LOW HITPOINT WARNING * * *
The gnoll hits you from afar with a +0 spear!
You die...

......... .........
#............ ........#.
#............
.)......##.#............
.†......##..............
........# #.............
........# #....g.g.....
........# #...o........
....##### #...sg......
##### ##.).o......
#.......... #..##.....#
### #.# ###### ..## #.
>..# #. ...# .# ...#


You could see an orc wizard (very poisoned), 3 gnolls and an orc (very
poisoned).

Vanquished Creatures
  Purgy (Sewer)
  A scorpion (D:4)
  2 hounds (D:4)
  An orc wizard (D:3)
  An iguana (D:4)
  7 gnolls
  3 river rats (D:3)
  An adder (D:3)
  6 worms
  2 dart slugs (D:1)
  A leopard gecko (D:2)
  5 orcs
  6 bats
  6 giant cockroaches
  8 goblins
  6 hobgoblins
  6 jackals
  6 ball pythons
  6 frilled lizards
  7 rats
82 creatures vanquished.

Notes
Turn   | Place    | Note
-------+----------+-------------------------------------------
     0 | D:1      | kaeus the Octopode Transmuter began the quest for the Orb.
     0 | D:1      | Reached XP level 1. HP: 13/13 MP: 3/3
    93 | D:1      | Reached XP level 2. HP: 18/18 MP: 5/5
   581 | D:1      | Reached XP level 3. HP: 21/24 MP: 6/6
   982 | D:1      | Learned a level 3 spell: Spider Form
  1524 | D:2      | Reached skill level 1 in Poison Magic
  1524 | D:2      | Reached XP level 4. HP: 13/29 MP: 1/7
  2190 | D:2      | Found a shimmering altar of Xom.
  2207 | D:2      | Found a glowing golden altar of the Shining One.
  2510 | D:2      | Found a basalt altar of Yredelemnul.
  2593 | D:2      | Found an ornate altar of the Wu Jian Council.
  2631 | D:2      | Found a faded altar of an unknown god.
  2814 | D:3      | Reached XP level 5. HP: 2/34 MP: 5/9
  2859 | D:3      | Found a glowing drain.
  2863 | Sewer    | Entered a sewer
  3234 | Sewer    | Noticed Purgy
  3245 | Sewer    | Killed Purgy
  3246 | Sewer    | Reached XP level 6. HP: 24/39 MP: 9/11
  3430 | D:3      | Found a shadowy altar of Dithmenos.
  4454 | D:4      | Reached XP level 7. HP: 19/45 MP: 9/13
  4468 | D:4      | Gained mutation: Your flesh is heat resistant. (rF+)
                  | [potion of mutation]
  4468 | D:4      | Gained mutation: You expend magic power (3 MP) to
                  | strengthen your wands. [potion of mutation]
  4501 | D:4      | Slain by a gnoll

Illustrated notes

Levels and vault maps discovered:
D:1:      minmay_arrival_doors, layout_loops_cross, minmay_misc_feat_room
D:2:      layout_rooms, lemuel_doored_altar, lemuel_crystal_altar,
          brannock_xom_greatest_gift, nzn_wu_jian_council_hall,
          chequers_ecumenical_altar_twisty, serial_aquarium,
          aquarium_bridge_square [aquarium_subvault_bridge,
          aquarium_subvault_bridge, aquarium_subvault_wall,
          aquarium_subvault_wall], aquarium_window_1, aquarium_window_1,
          aquarium_window_fake, aquarium_window_fake, aquarium_view_2c
D:3:      layout_loops_corners, nicolae_dithmenos_through_a_glass_darkly,
          lightli_sewer_entry_pipes
D:4:      layout_cave_pods, minmay_temple_entry_offerings

Skill      XL: |  1  2  3  4  5  6 |
---------------+-------------------+-----
Fighting       | 2 |  2.2
Poison Magic   | 1 2 |  2.0
Transmutations | 3 4 |  4.7
Spellcasting   | 3 4 |  4.3
Dodging        | |  2.0
Unarmed Combat | |  3.6

Action                   |  1- 3 |  4- 6 |  7- 9 || total
-------------------------+-------+-------+-------++-------
Melee: Unarmed           |    75 |   152 |    11 ||   238
       Constrict         |    22 |    24 |       ||    46
       Tentacles         |    14 |    15 |       ||    29
       Punch             |     3 |     2 |       ||     5
       Kick              |     3 |       |       ||     3
 Cast: Spider Form       |     1 |     8 |     1 ||    10
       Beastly Appendage |     1 |       |       ||     1
  Use: Scroll            |       |     6 |       ||     6
       Potion            |       |     1 |     4 ||     5
 Stab: Sleeping          |     7 |     5 |     1 ||    13
       Distracted        |     1 |       |       ||     1
Armor: Skin              |     8 |     8 |     1 ||    17
Dodge: Dodged            |    51 |   111 |    13 ||   175
Block: Other             |       |    31 |     7 ||    38
